 Dungeon Crawl Stone Soup version 0.21.0 (webtiles) character file.

4 tidbits the Sneak (level 1, 7/7 HPs)
             Began as a Felid Earth Elementalist on Jan 6, 2018.
             Quit the game on level 3 of the Dungeon.
             The game lasted 00:01:28 (187 turns).

tidbits the Sneak (Felid Earth Elementalist)         Turns: 187, Time: 00:01:30

Health: 7/7        AC:  1    Str:  4    XL:     1   Next: 58%
Magic:  4/4        EV: 18    Int: 16    God:
Gold:   12         SH:  0    Dex: 16    Spells: 3/4 levels left
                                        Lives:  0   Deaths: 0

rFire    . . .     SeeInvis +   (weapon unavailable)
rCold    . . .     Gourm    .   (shield unavailable)
rNeg     . . .     Faith    .   (armour unavailable)
rPois    .         Spirit   .   (helmet unavailable)
rElec    .         Reflect  .   (cloak unavailable)
rCorr    .         Harm     .   (gloves unavailable)
MR       .....                  (boots unavailable)
Stlth    ++........             (no amulet)
HPRegen  0.02/turn              (no ring)
MPRegen  0.09/turn              (no ring)

@: confused, quick
A: very small, no armour, no weapons or thrown items, stealth, claws 1, fangs 3,
see invisible, carnivore, speed 1, shaggy fur 1, slow metabolism 1, sharp paws
a: no special abilities


You were on level 3 of the Dungeon.
You were not hungry.

You visited 1 branch of the dungeon, and saw 3 of its levels.

You collected 12 gold pieces.

Inventory:

Missiles
 b - 42 stones
Books
 d - a book of Geomancy

   Spells                             Type                      Level
   a - Sandblast                      Earth                        1
   b - Passwall                       Transmutation/Earth          2
   c - Stone Arrow                    Conjuration/Earth            3
   d - Petrify                        Transmutation/Earth          4
   e - Lee's Rapid Deconstruction     Earth                        5
Comestibles
 c - 2 rations


   Skills:
 - Level 2.7 Dodging
 + Level 3.0 Stealth
 + Level 0.6 Unarmed Combat
 - Level 2.0 Spellcasting
   Level 1.1 Transmutations
 - Level 2.7 Earth Magic


You had 3 spell levels left.
You knew the following spells:

 Your Spells              Type           Power        Failure   Level  Hunger
a - Sandblast             Erth           ##....       7%          1    #......


Dungeon Overview and Level Annotations

Branches:
Dungeon (3/15)

Altars:
Makhleb
Qazlal
Xom


Innate Abilities, Weirdness & Mutations

You cannot wear armour.
You are incapable of wielding weapons or throwing items.
Your paws allow you to move quietly. (Stealth)
You have sharp claws.
You have razor-sharp teeth.
You have supernaturally acute eyesight. (SInv)
You are carnivorous and can eat meat at any time.
You cover ground quickly.
You are covered in fur. (AC +1)
You have a slow metabolism.
Your sharp claws are effective at attacking unaware monsters.


Message History

Casting: Sandblast
Confirm with . or Enter, or press ? or * to list all spells.
Aiming: Sandblast
Press: ? - help, Shift-Dir - straight line, f - frilled lizard
Aim: a frilled lizard The blast of sand hits the frilled lizard.
You kill the frilled lizard!
Your Stealth skill increases to level 3!
b - 43 stones
Casting: Sandblast
Confirm with . or Enter, or press ? or * to list all spells.
You don't have enough magic to cast that spell.
Found a stone staircase leading down.
Found an escape hatch in the floor.
You see here a frilled lizard corpse.
Unknown command.
There is an escape hatch in the ceiling here.
There is a stone staircase leading down here.
You climb downwards.
You hear the sound of rushing water.
There is an entrance to a sewer on this level.
Hurry and find it before the portal rusts away!
A rat comes into view.
There is a stone staircase leading up here.
You barely miss the rat. The rat bites you but does no damage.
You closely miss the rat. The rat barely misses you.
You scratch the rat.
The rat is severely wounded.
The rat barely misses you.
You barely miss the rat.
The rat is severely wounded.
The rat barely misses you.
You scratch the rat.
You kill the rat!
You see here a rat corpse.
Found a burning altar of Makhleb.
Found a ration.
Found a stone staircase leading down.
There is a stone staircase leading down here.
An orc comes into view. It is wielding a hand axe.
An adder and an orc come into view.
Found a scroll labeled XIUL AJUECIDD.
An orc comes into view. It is wielding a falchion.
The orc shouts!
You hear a shout!
An adder and a kobold come into view.
The kobold is wielding a short sword of venom.
Found a shortbow.
The adder closely misses you. The adder completely misses you.
You open the door.
The walls suddenly crumble!
An orc, an orc priest and 5 dream sheep come into view.
A dream sheep catches fire!
The dream sheep bleats in terror.
A dream sheep catches fire!
The dream sheep bleats in terror.
A dream sheep catches fire!
The dream sheep bleats in terror.
A dream sheep catches fire!
A frightened dream sheep leaps away.
A dream sheep catches fire!
The dream sheep bleats in terror.
You hear mad divine giggling.
The adder barely misses you. The kobold closely misses you.
Found a shimmering altar of Xom.
Unknown command.
Okay, then.
The dream sheep burns! x5; The adder misses you.
Casting: Sandblast
Confirm with . or Enter, or press ? or * to list all spells.
Aiming: Sandblast
Press: ? - help, Shift-Dir - straight line, f - dream sheep
Aim: a dream sheep (lightly wounded, covered in liquid flames, fleeing, inner flame)
The blast of sand misses the dream sheep.
b - 42 stones The dream sheep bleats!
The orc shouts!
The adder hisses angrily.
The dream sheep bleats! x3
The dream sheep burns! x5; The adder closely misses you.
The kobold misses you.
Unknown command.
You aren't carrying any items that you can evoke.
Unknown command.
The dream sheep burns! x5
The dream sheep burns! x5; The adder closely misses you.
The orc misses you.
The dream sheep burns!
The dream sheep explodes!
The dream sheep burns! x4
The dream sheep explodes!
The fiery explosion engulfs the dream sheep.
The dream sheep explodes!
The fiery explosion engulfs the dream sheep.
The dream sheep explodes!
Unknown command.
The adder closely misses you.
The dream sheep burns!
The dream sheep burns!
The orc misses you.
The dream sheep burns!
The orc priest closely misses you.
It was a potion of ambrosia.
You are confused.
You feel invigorated.
The dream sheep burns!
The dream sheep explodes!
The orc priest misses you. The orc closely misses you.
Unknown command.
Are you sure you want to abandon this character and quit the game? (Confirm with "yes".)

####........§§...##.####.#.#
...........§§§§§§..>...._..#
#.............§§§#######.#.#
#............§§§§# #...#
#.........._.§§§.# #####
#............o§§§#
#............o.§§#
#..........KS..§§#
#.)........oooS@.#
#...############## ###


You could see an orc priest, 2 adders, 4 orcs and a kobold.

Vanquished Creatures
  A goblin (D:2)
  A hobgoblin (D:2)
  A frilled lizard (D:2)
  A kobold (D:2)
  A rat (D:3)
5 creatures vanquished.

Vanquished Creatures (others)
  5 dream sheep (D:3)
5 creatures vanquished.

Grand Total: 10 creatures vanquished

Notes
Turn   | Place    | Note
-------+----------+-------------------------------------------
     0 | D:1      | tidbits the Felid Earth Elementalist began the quest for the Orb.
     0 | D:1      | Reached XP level 1. HP: 7/7 MP: 4/4
    32 | D:2      | Found a stormy altar of Qazlal.
   124 | D:2      | Reached skill level 3 in Stealth
   151 | D:3      | Found a burning altar of Makhleb.
   175 | D:3      | Noticed a dream sheep
   175 | D:3      | Noticed an orc priest
   175 | D:3      | Noticed a dream sheep
   175 | D:3      | Noticed a dream sheep
   175 | D:3      | Noticed a dream sheep
   175 | D:3      | Noticed a dream sheep
   175 | D:3      | Found a shimmering altar of Xom.
   180 | D:3      | Killed a dream sheep
   180 | D:3      | Killed a dream sheep
   180 | D:3      | Killed a dream sheep
   180 | D:3      | Killed a dream sheep
   185 | D:3      | Killed a dream sheep
   187 | D:3      | Quit the game

Skill      XL: |  1 |
---------------+----+-----
Stealth        | 3 |  3.0
Dodging        | |  2.7
Unarmed Combat | |  0.6
Spellcasting   | |  2.0
Transmutations | |  1.1
Earth Magic    | |  2.7

Action                   || total
-------------------------++-------
Melee: Unarmed           ||     6
       Bite              ||     1
 Cast: Sandblast         ||     8
  Use: Potion            ||     1
Armor: Skin              ||     1
Dodge: Dodged            ||    19

Table legend:
 A = Turns spent in this place as a percentage of turns spent in the entire game.
 B = Non-inter-level travel turns spent in this place as a percentage of non-inter-level travel turns spent in the entire game.
 C = Inter-level travel turns spent in this place as a percentage of turns spent in this place.
 D = Turns resting spent in this place as a percentage of non-inter-level travel turns spent in this place.
 E = Turns spent auto-exploring this place as a percentage of non-inter-level travel turns spent in this place.
 F = Non-inter-level travel turns spent in this place divided by the number of levels of this place that you've seen.
                   A       B       C       D       E      F
               +-------+-------+-------+-------+-------+----------------------
         Total | 100.0 | 100.0 |   0.0 |   0.0 |   0.0 |  62.3
       Dungeon | 100.0 | 100.0 |   0.0 |   0.0 |   0.0 |  62.3
               +-------+-------+-------+-------+-------+----------------------

Table legend:
 A = Kills in this place as a percentage of kills in entire the game.
 B = Kills by you in this place as a percentage of kills by you in the entire game.
 C = Kills by friends in this place as a percentage of kills by friends in the entire game.
 D = Other kills in this place as a percentage of other kills in the entire game.
 E = Experience gained in this place as a percentage of experience gained in the entire game.
 F = Experience gained in this place divided by the number of levels of this place that you have seen.
                   A       B       C       D       E      F
               +-------+-------+-------+-------+-------+----------------------
         Total | 100.0 | 100.0 |   N/A |   N/A | 100.0 |   2.3
       Dungeon | 100.0 | 100.0 |   N/A |   N/A | 100.0 |   2.3
               +-------+-------+-------+-------+-------+----------------------

Vault maps used:
D:1:      mushboom_english_gardens
D:2:      hangedman_decor_clover_reticule, nicolae_qazlal_general_emergency
D:3:      fedhas_altar_2, kb_xom_exploding_sheep, overflow_temple_1_default,
          lemuel_crystal_altar, gup_sewer_entry_pipe, uniq_natasha
